Description

This buid is also good for TvZ.

  • Standart 2-1-1 double drop into timing attack 6:30 with combate shields and +1 attack and 2 tanks.

  • (3 medivac+2tanks+marines 6:00 GO out from your base to enemie`s 3rd base at 6:30)

  • IF Macro add 3rd CC at 5:00 insead 3rd barracks

VOD

https://youtu.be/a0IijqePUsA?t=3320

Build Order

Get SALT Encoding   

  14  0:17  Supply Depot  
  16  0:44  Barracks  
  16  0:47  Refinery  
  19  1:27  Orbital Command  
  19  1:28  Reaper  
  20  1:43  Command Center  Standart opener
  21  2:00  Barracks  2nd barracks BEFORE 2nd supply
  22  2:05  Barracks Reactor  
  22  2:11  Supply Depot  
  23  2:21  Refinery  
  24  2:40  Factory  ////nonstope Marines and scv and supply
  27  2:46  Barracks Tech Lab  ~~~~Reaper scout allin make BUNKER
  28  2:57  Orbital Command  
  31  3:05  Stimpack  as soon as labs finished
  37  3:30  Starport  
  37  3:32  Factory Reactor  Reactor for starport
  47  4:05  Engineering Bay  
  48  4:10  Supply Depot  
  50  4:23  Medivac x2  
  54  4:24  Supply Depot  
  54  4:25  Factory Tech Lab  ///Tanks
  56  4:35  Barracks  3rd Barracks
  57  4:37  Terran Infantry Weapons Level 1  
  61  4:49  Refinery  GOGOGO doubledrop
  95  6:00  Marine, Heavy Siege Tank  NONSTOPE produce marines+supply+tanks 6:00 GO to enemy 3rd base
  105  6:41  Command Center  3rd CC
Spawning Tool Build Advisor. Get it on Overwolf

Analysis

My discord server (RUSSIAN)

My stream on Twitch

Another example TvZ 2base allin by Innovation https://lotv.spawningtool.com/38973/

Go to:

Details

  • Created by: Spinokio
  • Published on: Jun 23, 2018
  • Modified on: Jul 06, 2018
  • Patch: 4.0.0
Show
View Real Time Build Order
Export as new Build Order

Comments (1)

On Nov. 10, 2018, 1:30 p.m., ALLSEE  said:

6:41 - CC - its not all-in

Create an account to comment!